 Dungeon Crawl Stone Soup version 0.31.0-1-g2c135a008e (webtiles) character file.

Game seed: 9565308727213749480

18 qw the Shooter (level 2, -7/23 HPs)
             Began as a Djinni Hunter on Jan 23, 2024.
             Mangled by Terence
             ... wielding a +0 mace
              (9 damage)
             ... on level 2 of the Dungeon.
             The game lasted 00:00:01 (423 turns).

qw the Shooter (Djinni Hunter)                       Turns: 423, Time: 00:00:01

Health: -7/23      AC:  3    Str: 10    XL:     2   Next: 90%
Gold:   26         EV: 12    Int: 10    God:
                   SH:  0    Dex: 16

rFire   + + .        a - +0 shortbow
rCold   x . .        (shield currently unavailable)
rNeg    . . .        c - +0 leather armour
rPois   inf          (no helmet)
rElec   .            (no cloak)
rCorr   .            (no gloves)
SInv    .            (boots unavailable)
Will    .....        (no amulet)
Stlth   +            (no ring)
HPRegen 0.23/turn    (no ring)
MPRegen 0.00/turn

%: infuse magic (-8 HP)
@: flying
A: sickness immunity, fire resistance 2, cold vulnerability 1, float, innate
caster, HP casting, extra vitality 1
a: no special abilities


You were on level 2 of the Dungeon.
You visited 1 branch of the dungeon, and saw 2 of its levels.

You collected 26 gold pieces.


Innate Abilities, Weirdness & Mutations

You are immune to sickness and miasma.
You are immune to poison.
Your flesh is very heat resistant. (rF++)
You are vulnerable to cold. (rC-)
You float through the air rather than walking.
You learn spells naturally, not from books.
Your magical power is your life essence.
You have superior vitality. (+4 MHP)


   Skills:
 - Level 2.0 Fighting
 + Level 3.9 Ranged Weapons
 - Level 2.1 Dodging
 - Level 0.7 Stealth You didn't know any spells. Your spell library was empty.

Inventory:

Hand Weapons
 a - a +0 shortbow (weapon)
Armour
 c - a +0 leather armour (worn)

Dungeon Overview and Level Annotations

Branches:
Dungeon (2/15)

Altars:

Annotations:
D:2 Terence


Message History

Found a stone staircase leading down.
Terence the Incautious comes into view.
He is wielding a +0 mace.
Terence shouts!
You shoot an arrow. The arrow barely misses Terence.
You shoot an arrow. The arrow hits Terence.
Terence is lightly wounded.
You shoot an arrow.
The arrow hits Terence but does no damage.
Terence is lightly wounded.
You shoot an arrow. The arrow closely misses Terence.
You shoot an arrow. The arrow hits Terence.
Terence is lightly wounded.
Terence hits you with a +0 mace.
You shoot an arrow. The arrow hits Terence.
Terence is moderately wounded.
Terence hits you with a +0 mace.
You shoot an arrow. The arrow closely misses Terence.
Terence hits you but does no damage. x2
You shoot an arrow.
The arrow hits Terence but does no damage.
Terence is moderately wounded.
Terence hits you with a +0 mace.
You shoot an arrow. The arrow hits Terence.
Terence is moderately wounded.
Terence hits you with a +0 mace!
You shoot an arrow.
The arrow hits Terence but does no damage.
Terence is moderately wounded.
Terence barely misses you.
You shoot an arrow. The arrow closely misses Terence.
Terence hits you with a +0 mace.
You shoot an arrow. The arrow hits Terence.
Terence is heavily wounded.
A kobold comes into view. It is wielding a +0 short sword.
Terence closely misses you. x2
You shoot an arrow. The arrow hits Terence.
Terence is heavily wounded.
Terence hits you with a +0 mace!
You die...
Terence says, "Time to find some more victims."

#.#.......##.....#..# #..#
#...#####...........# #..#
##<........................
#.######..###...........#.
#.# #..# #.........###.
#.## #..# #......... #..#
#.^# # #..# ##..###>...
####..####..@@..K...
#............#.##.P.
#.##..####...# # # #..#
#...# #..# #...# #...
...... ##.# #...##.# #.#
..... ..# #.# #...# .#


You could see Terence and a kobold.

Vanquished Creatures
  An adder (D:2)
  2 endoplasms
  2 hobgoblins
  A bat (D:2)
  A frilled lizard (D:2)
  2 kobolds
  A rat (D:1)
10 creatures vanquished.

Notes
Turn   | Place    | Note
-------+----------+-------------------------------------------
     0 | D:1      | qw the Djinni Hunter began the quest for the Orb.
     0 | D:1      | Reached XP level 1. HP: 18/18 MP: 0/0
     0 | D:1      | 0 ||| qw: Version: 0.3-a-132-g3d54051
     0 | D:1      | 0 ||| qw: Game counter: 602
     0 | D:1      | 0 ||| qw: Melee chars always use a shield: true
     0 | D:1      | 0 ||| qw: God list: Okawaru
     0 | D:1      | 0 ||| qw: Allow faded altars: false
     0 | D:1      | 0 ||| qw: Do Orc after clearing Dungeon:15 true
     0 | D:1      | 0 ||| qw: Do second Lair branch before Depths: true
     0 | D:1      | 0 ||| qw: Lair rune preference: random
     0 | D:1      | 0 ||| qw: Goals: Normal
     0 | D:1      | 0 ||| PLANNING D:1-11
    24 | D:1      | 24 ||| DROPPING scroll of butterflies.
   254 | D:2      | Reached XP level 2. HP: 18/23 MP: 0/0
   256 | D:2      | 256 ||| FLEEEEING.
   354 | D:2      | 354 ||| STAIRDANCE
   409 | D:2      | Noticed Terence
   421 | D:2      | HP: 1/23 [Terence/+0 mace (5)]
   423 | D:2      | Mangled by Terence

Levels and vault maps discovered:
D:1:      saegor_arrival_simple_d, layout_basic
D:2:      cheibrodos_old_hovel, layout_loops_ring, uniq_terence,
          uniq_crazy_yiuf_cottage

Action                     || total
---------------------------++-------
   Fire: Shortbow          ||    47
 Armour: Leather armour    ||    21
  Dodge: Dodged            ||    19

Table legend:
 A = Non-vault XP
 B = Vault XP
 C = Vault XP percentage of total XP
 D = Non-vault monster count
 E = Vault monster count
 F = Vault count percentage of total count
                 A         B        C        D         E       F
            +---------+---------+-------+---------+---------+-------
      Total |      27 |       0 |   0.0 |      10 |       0 |   0.0
            +---------+---------+-------+---------+---------+-------
        D:1 |       6 |       0 |   0.0 |       4 |       0 |   0.0
        D:2 |      21 |       0 |   0.0 |       6 |       0 |   0.0
            +---------+---------+-------+---------+---------+-------
